 Dungeon Crawl Stone Soup version 0.22.1-1-ga44c0e5 (webtiles) character file.

366 Rein the Magician (level 6, -4/44 HPs)
             Began as a Gnoll Wizard on Nov 9, 2018.
             Slain by an orc warrior
             ... wielding a +0 hand axe
              (12 damage)
             ... on level 4 of the Dungeon.
             The game lasted 00:13:27 (3670 turns).

Rein the Magician (Gnoll Wizard)                    Turns: 3670, Time: 00:13:28

Health: -4/44      AC:  7    Str: 11    XL:     6   Next: 68%
Magic:  11/16      EV: 13    Int: 24    God:
Gold:   300        SH:  0    Dex: 14    Spells: 13/19 levels left

rFire    . . .     SeeInvis .   g - +1 short sword (venom)
rCold    . . .     Gourm    .   (no shield)
rNeg     . . .     Faith    .   h - +0 ring mail
rPois    .         Spirit   .   z - +1 helmet
rElec    .         Reflect  .   (no cloak)
rCorr    .         Harm     .   (no gloves)
MR       .....                  (no boots)
Stlth    ++........             (no amulet)
HPRegen  0.14/turn              m - +4 ring of intelligence
MPRegen  0.15/turn              (no ring)

@: no status effects
A: distributed training, fangs 1, strong nose
a: no special abilities


You were on level 4 of the Dungeon.
You were not hungry.

You visited 1 branch of the dungeon, and saw 4 of its levels.

You collected 300 gold pieces.

Inventory:

Hand Weapons
 g - a +1 short sword of venom (weapon)
Armour
 f - a +0 scale mail
 h - a +0 ring mail (worn)
 z - a +1 helmet (worn)
Jewellery
 b - an uncursed ring of protection from magic {unknown}
 i - an uncursed amulet of the gourmand {unknown}
 m - a +4 ring of intelligence (left hand)
Wands
 x - a wand of iceblast (10)
Scrolls
 c - 3 scrolls of noise
 e - 2 scrolls of teleportation
 l - a scroll of identify
 p - a scroll of immolation {unknown}
 s - a scroll of enchant armour {unknown}
 t - a scroll of fear {unknown}
 u - a scroll of random uselessness {unknown}
 w - a scroll of amnesia {unknown}
Potions
 a - 2 potions of curing
 j - a potion of agility
 k - a potion of heal wounds
 o - 2 potions of magic
 q - a potion of haste {unknown}
 r - a potion of invisibility {unknown}
Comestibles
 d - 8 rations


   Skills:
 + Level 2.0 Fighting
 + Level 2.0 Short Blades
 + Level 2.0 Long Blades
 + Level 2.0 Axes
 + Level 2.0 Maces & Flails
 + Level 2.0 Polearms
 + Level 2.0 Staves
 + Level 2.0 Slings
 + Level 2.0 Bows
 + Level 2.0 Crossbows
 + Level 2.0 Throwing
 + Level 2.0 Armour
 + Level 5.0 Dodging
 + Level 4.6 Stealth
 + Level 2.0 Shields
 + Level 2.0 Unarmed Combat
 + Level 7.4 Spellcasting
 + Level 2.6 Conjurations
 + Level 1.6 Hexes
 + Level 1.6 Charms
 + Level 2.6 Summonings
 + Level 1.6 Necromancy
 + Level 2.6 Translocations
 + Level 1.6 Transmutations
 + Level 1.6 Fire Magic
 + Level 1.6 Ice Magic
 + Level 1.6 Air Magic
 + Level 1.6 Earth Magic
 + Level 1.6 Poison Magic
 + Level 2.2 Invocations
 + Level 2.0 Evocations


You had 13 spell levels left.
You knew the following spells:

 Your Spells              Type           Power        Failure   Level  Hunger
a - Magic Dart            Conj           ###.         5%          1    None
b - Blink                 Tloc           N/A          9%          2    None
c - Mephitic Cloud        Conj/Pois/Air  ###.....     22%         3    None

Your spell library contained the following spells:

 Spells                   Type           Power        Failure   Level  Hunger
 Call Imp                 Summ           ###.....     9%          2    None
 Slow                     Hex            ###.....     13%         2    None
 Conjure Flame            Conj/Fire      ###.....     21%         3    None


Dungeon Overview and Level Annotations

Branches:
Dungeon (4/15)
 Temple: D:4-7

Altars:
Qazlal


Innate Abilities, Weirdness & Mutations

Your experience applies equally to all skills.
You have very sharp teeth.
Your uncanny sense of smell can sniff out nearby items.


Message History

Casting: Magic Dart (safe; 5% risk of failure)
Confirm with . or Enter, or press ? or * to list all spells.
Aiming: Mephitic Cloud (safe; 22% risk of failure)
Press: ? - help, Shift-Dir - straight line, f/p - orc warrior
Aim: an orc warrior, wielding a hand axe and wearing a plate armour (lightly The ball explodes into a vile cloud!
The stinking cloud engulfs the orc warrior.
The orc warrior is lightly wounded.
The orc warrior is engulfed in noxious fumes.
The orc warrior throws a javelin.
The javelin hits you but does no damage.
The orc warrior is engulfed in noxious fumes.
The orc warrior throws a javelin.
The javelin hits you!!
Ouch! That really hurt!
* * * LOW HITPOINT WARNING * * *
You see here a javelin.
The orc warrior is engulfed in noxious fumes.
The orc warrior appears confused.
The orc warrior hits you with a hand axe!
You die...

##########
############
#.........
#..........##
###.########
#.#######...####..(#
###########. #.#
#..........#(#
......><.... #.#
#.#...####...#
.##########. #.#
#.##.## #@#.# #.#
#.##.# #..o#... #.#
#.##.....#####...
#.# #.######. ...#
#.# #.# # ..# #.#
#.# .# #.# ##.## ..
#.####...######
#.............#


You could see an orc warrior (confused).

Vanquished Creatures
  Sigmund (D:3)
  An orc wizard (D:4)
  Natasha (thrice) (D:3)
  Robin (D:3)
  3 adders
  An ooze (D:3)
  A worm (D:3)
  A dart slug (D:2)
  A leopard gecko (D:2)
  3 orcs (D:4)
  6 bats
  2 giant cockroaches
  9 goblins
  13 hobgoblins
  6 frilled lizards
  7 kobolds
  5 rats
  A bush (D:1)
  A fungus (D:4)
66 creatures vanquished.

Notes
Turn   | Place    | Note
-------+----------+-------------------------------------------
     0 | D:1      | Rein the Gnoll Wizard began the quest for the Orb.
     0 | D:1      | Reached XP level 1. HP: 13/13 MP: 8/8
   420 | D:1      | Reached XP level 2. HP: 19/19 MP: 10/10
   428 | D:1      | Learned a level 2 spell: Blink
  1360 | D:1      | Reached XP level 3. HP: 16/25 MP: 6/11
  1577 | D:1      | Learned a level 3 spell: Mephitic Cloud
  1823 | D:2      | Reached skill level 1 in Invocations
  1890 | D:2      | Found a faded altar of an unknown god.
  2373 | D:3      | Reached skill level 1 in Fighting
  2373 | D:3      | Reached skill level 1 in Short Blades
  2373 | D:3      | Reached skill level 1 in Long Blades
  2373 | D:3      | Reached skill level 1 in Axes
  2373 | D:3      | Reached skill level 1 in Maces & Flails
  2373 | D:3      | Reached skill level 1 in Polearms
  2373 | D:3      | Reached skill level 1 in Staves
  2373 | D:3      | Reached skill level 1 in Slings
  2373 | D:3      | Reached skill level 1 in Bows
  2373 | D:3      | Reached skill level 1 in Crossbows
  2373 | D:3      | Reached skill level 1 in Throwing
  2373 | D:3      | Reached skill level 1 in Armour
  2373 | D:3      | Reached skill level 1 in Shields
  2373 | D:3      | Reached skill level 1 in Unarmed Combat
  2373 | D:3      | Reached skill level 1 in Evocations
  2433 | D:3      | Noticed a fire elemental
  2435 | D:3      | Found a stormy altar of Qazlal.
  2443 | D:3      | Reached XP level 4. HP: 32/32 MP: 7/13
  2489 | D:3      | Noticed a water elemental
  2489 | D:3      | Noticed an air elemental
  2489 | D:3      | Noticed an earth elemental
  2500 | D:3      | Noticed Natasha
  2505 | D:3      | Killed Natasha
  2762 | D:3      | Reached skill level 1 in Hexes
  2762 | D:3      | Reached skill level 1 in Charms
  2762 | D:3      | Reached skill level 1 in Necromancy
  2762 | D:3      | Reached skill level 1 in Transmutations
  2762 | D:3      | Reached skill level 1 in Fire Magic
  2762 | D:3      | Reached skill level 1 in Ice Magic
  2762 | D:3      | Reached skill level 1 in Air Magic
  2762 | D:3      | Reached skill level 1 in Earth Magic
  2762 | D:3      | Reached skill level 1 in Poison Magic
  2794 | D:3      | Noticed Sigmund
  2807 | D:3      | Killed Sigmund
  2807 | D:3      | Reached XP level 5. HP: 35/38 MP: 8/14
  2807 | D:3      | Reached XP level 6. HP: 40/44 MP: 9/16
  2878 | D:3      | Noticed Robin
  2891 | D:3      | Killed Robin
  2986 | D:3      | Noticed Natasha
  2991 | D:3      | Killed Natasha
  3091 | D:3      | Noticed Natasha
  3100 | D:3      | Killed Natasha
  3100 | D:3      | Reached skill level 5 in Dodging
  3663 | D:4      | Noticed an orc warrior
  3670 | D:4      | Slain by an orc warrior

Skill      XL: |  1  2  3  4  5  6 |
---------------+-------------------+-----
Conjurations   | 2 |  2.6
Summonings     | 2 |  2.6
Translocations | 2 |  2.6
Invocations    | 1 2 |  2.2
Fighting       | 1 2 |  2.0
Short Blades   | 1 2 |  2.0
Long Blades    | 1 2 |  2.0
Axes           | 1 2 |  2.0
Maces & Flails | 1 2 |  2.0
Polearms       | 1 2 |  2.0
Staves         | 1 2 |  2.0
Slings         | 1 2 |  2.0
Bows           | 1 2 |  2.0
Crossbows      | 1 2 |  2.0
Throwing       | 1 2 |  2.0
Armour         | 1 2 |  2.0
Shields        | 1 2 |  2.0
Unarmed Combat | 1 2 |  2.0
Evocations     | 1 2 |  2.0
Hexes          | 1 |  1.6
Charms         | 1 |  1.6
Necromancy     | 1 |  1.6
Transmutations | 1 |  1.6
Fire Magic     | 1 |  1.6
Ice Magic      | 1 |  1.6
Air Magic      | 1 |  1.6
Earth Magic    | 1 |  1.6
Poison Magic   | 1 |  1.6
Dodging        | 5 |  5.0
Stealth        | |  4.6
Spellcasting   | |  7.4

Action                   |  1- 3 |  4- 6 || total
-------------------------+-------+-------++-------
Melee: Short sword       |    99 |    81 ||   180
       Bite              |    18 |     8 ||    26
       Punch             |       |     1 ||     1
 Cast: Magic Dart        |    40 |    43 ||    83
       Mephitic Cloud    |       |     3 ||     3
  Use: Scroll            |       |     8 ||     8
 Stab: Sleeping          |     8 |     2 ||    10
  Eat: Chunk             |     1 |     4 ||     5
       Ration            |     1 |       ||     1
Armor: Robe              |     1 |       ||     1
       Leather armour    |     2 |     6 ||     8
       Ring mail         |       |     3 ||     3
Dodge: Dodged            |    31 |    30 ||    61
